AoeStats
← 台灣大表哥

Arabian Desert

510703324Analyzed
1v1 RM · 15h ago on Oct 2, 2026· 47m 52s· 2 players
Game mode
Random Map
Map size
Tiny (2 player)
Population
200
Speed
Normal
Resources
Standard
Victory
Conquest
Starting age
Dark Age
Ending age
Imperial Age
RankedLock teamsTeams togetherTeam positionsShared explorationLock speedFull tech treeHidden civsTurbo modeCheats
Victory
Defeat
🇹🇼 Turks · Taiwan
941
+15
🇪🇸 Britons · Spain
921
-15
HuevoGordo
10:16 Feudal Age
14:36 Castle Age
13:37 Double-Bit Axe
13:47 Loom
21:57 Bow Saw
22:18 Horse Collar
23:46 Fletching
25:01 Bodkin Arrow
27:55 Padded Archer Armor
30:03 Ballistics
31:32 Wheelbarrow
30:44 Town Watch
32:52 Heavy Plow
37:57 Imperial Age
35:45 Hand Cart
37:22 Yeomen
40:12 Chemistry
45:10 Man-at-Arms
45:53 Squires
45:18 Pikeman
47:32 Halberdier
台灣大表哥
0:33 Loom
9:48 Feudal Age
10:25 Double-Bit Axe
10:24 Horse Collar
14:51 Scale Barding Armor
21:12 Castle Age
19:47 Bloodlines
20:37 Forging
22:40 Bow Saw
22:33 Heavy Plow
23:36 Husbandry
23:54 Town Watch
24:33 Fletching
27:03 Wheelbarrow
34:17 Imperial Age
32:13 Bodkin Arrow
33:06 Ballistics
35:03 Chain Barding Armor
35:33 Conscription
35:29 Cavalier
40:24 Plate Barding Armor
42:26 Hand Cart
Connection lost

Rejoining the realm…

Still unreachable

The connection could not be restored.

Session expired

The server has moved on; the page needs a fresh start.